 Dungeon Crawl Stone Soup version 0.31-a0-806-g0bc164a743 (webtiles) character file.

Game seed: 6859482689310655234

198 hikkokomori the Digger (level 5, -1/31 HPs)
             Began as a Gargoyle Earth Elementalist on Sept 20, 2023.
             Slain by a gnoll
             ... wielding a +0 spear
             ... led by a gnoll bouda
              (4 damage)
             ... on level 4 of the Dungeon.
             The game lasted 00:04:50 (3162 turns).

hikkokomori the Digger (GrEE)                       Turns: 3162, Time: 00:04:51

Health: -1/31      AC:  7    Str: 11    XL:     5   Next: 76%
Magic:  9/9        EV: 11    Int: 18    God:
Gold:   211        SH:  0    Dex: 10    Spells: 9/10 levels left

rFire   . . .        q - +11 flail of Mizxen Hadup {spect, rCorr}
rCold   + . .        (no shield)
rNeg    + . .        a - +0 robe
rPois   ∞            (no helmet)
rElec   +            (no cloak)
rCorr   +            (no gloves)
SInv    +            n - +0 pair of boots
Will    .....        (no amulet)
Stlth   ++           l - ring of protection from cold
HPRegen 0.25/turn    j - ring of see invisible
MPRegen 0.11/turn

%: no passive effects
@: no status effects
A: sickness immunity, AC +4, negative energy resistance 1, electricity
resistance, torment resistance 1, petrification resistance
a: no special abilities


You were on level 4 of the Dungeon.
You visited 1 branch of the dungeon, and saw 4 of its levels.

You collected 211 gold pieces.

Inventory:

Hand Weapons
 g - a +0 dagger
 h - a +0 dagger
 q - the +11 flail of Mizxen Hadup (weapon) {spect, rCorr}
   (You found it on level 3 of the Dungeon)

   rCorr:     It protects you from acid and corrosion.
Armour
 a - a +0 robe (worn)
 n - a +0 pair of boots (worn)
Jewellery
 c - a ring of resist corrosion
 j - a ring of see invisible (right hand)
 l - a ring of protection from cold (left hand)
 t - an amulet of the acrobat
Scrolls
 i - a scroll of identify
Potions
 b - a potion of magic
 e - a potion of lignification {unknown}
 f - 2 potions of curing
 k - a potion of berserk rage {unknown}
 o - a potion of enlightenment {unknown}
 p - a potion of brilliance {unknown}
 r - a potion of heal wounds {unknown}
 u - a potion of haste {unknown}


   Skills:
 + Level 2.4 Fighting
 + Level 1.2 Maces & Flails
 - Level 1.5 Dodging
 + Level 3.7 Stealth
 + Level 3.1 Spellcasting
 - Level 0.7 Transmutations
 + Level 4.7 Earth Magic


You had 9 spell levels left.
You knew the following spells:

 Your Spells              Type           Power      Damage    Failure   Level
a - Sandblast             Erth           38%        2d10      2%          1

Your spell library contained the following spells:

 Spells                   Type           Power      Damage    Failure   Level
 Passwall                 Tmut/Erth      10%        N/A       8%          2
 Slow                     Hex            8%         N/A       16%         1
 Summon Small Mammal      Summ           8%         N/A       16%         1
 Stone Arrow              Conj/Erth      22%        3d8       19%         3
 Call Canine Familiar     Summ           2%         N/A       43%         3
 Confusing Touch          Hex            2%         N/A       43%         3
 Sigil of Binding         Hex            2%         N/A       43%         3
 Summon Guardian Golem    Hex/Summ       2%         N/A       43%         3
 Vampiric Draining        Necr           2%         2d6       43%         3
 Petrify                  Tmut/Erth      12%        N/A       45%         4
 Brom's Barrelling Bould  Conj/Erth      11%        2d3       52%         4


Dungeon Overview and Level Annotations

Branches:
Dungeon (4/15)
 Temple: D:4-7

Altars:

Shops:
D:1 =!*

Annotations:
D:4 Blork the orc


Innate Abilities, Weirdness & Mutations

You are immune to sickness and miasma.
Your stone body is resilient. (AC +4)
You are immune to poison.
You resist negative energy. (rN+)
You are resistant to electric shocks. (rElec)
You are resistant to unholy torment.
You are immune to petrification.


Message History

Blork the orc misses you.
The gnoll hits you from afar with a +0 spear.
Unknown command.
Unknown command.
Your +11 flail of Mizxen Hadup {spect, rCorr} disappears.
The gnoll attacks as it pursues you! The gnoll hits you with a +0 whip. x2
* * * LOW HITPOINT WARNING * * *
It was a potion of curing.
You feel better. The gnoll barely misses you.
Your attacks no longer feel as feeble.
The gnoll hits you from afar with a +0 spear.
The gnoll hits you but does no damage.
You have nothing you can fire or use right now.
Okay, then.
As you read the scroll labelled RITTEAQ BOEREOLIUQ, it crumbles to dust.
You feel aware of your surroundings.
You sensed 1 altar.
It was a scroll of revelation.
The gnoll hits you with a +0 whip.
Found an amulet of the acrobat.
As you read the scroll labelled JUYTAQ NOLOP, it crumbles to dust.
You assume a fearsome visage.
Blork the orc looks frightened!
The gnoll looks frightened!
It was a scroll of fear.
The gnoll is no longer moving quickly.
The gnoll bouda barks out a call to the hunt!
The gnoll picks up the pace!
The gnoll bouda barks out a call to the hunt!
The gnoll picks up the pace!
You open the door. The gnoll attacks as it pursues you!
The gnoll hits you from afar with a +0 spear.
There is an open door here.
The gnoll's inner flame fades away.
The gnoll hits you from afar with a +0 spear.
The gnoll attacks as it pursues you! The gnoll hits you but does no damage.
The gnoll hits you from afar with a +0 spear.
* * * LOW HITPOINT WARNING * * *
The gnoll is no longer moving quickly.
The gnoll attacks as it pursues you!
The gnoll hits you from afar with a +0 spear.
* * * LOW HITPOINT WARNING * * *
There is a stone staircase leading up here.
The gnoll hits you from afar with a +0 spear.
You die...

,,,,,,,*,,,,####+######.######+##
,,,,,,,*,,,,#.....#####g###,,,,**
,,,,,,,*****#.....#...g...#,,,,,,
,,,,,,,* #.....g.......#,,,,,,
,,,,,,,* #....g#.......#,,,,,,
,,****** #.....#####..##*,,,,,
,,* #...g.#..##..###****, ,,*
#.....'...#....# ** ,,*
#...@.#...'....# ,,*
#.....########## *** #######


You could see a gnoll bouda and 2 gnolls.

Vanquished Creatures
  A kobold brigand (D:3)
  2 adders
  3 gnolls (D:3)
  A worm (D:2)
  3 orcs (D:3)
  6 ball pythons
  6 endoplasms
  A giant cockroach (D:2)
  7 hobgoblins
  3 jackals (D:2)
  12 kobolds
  2 quokkas
  4 bats
  8 frilled lizards
  7 goblins
  9 rats
75 creatures vanquished.

Notes
Turn   | Place    | Note
-------+----------+-------------------------------------------
     0 | D:1      | hikkokomori the Gargoyle Earth Elementalist began the quest
                  | for the Orb.
     0 | D:1      | Reached XP level 1. HP: 10/10 MP: 3/3
    14 | D:1      | Found Owkiv's Distillery.
   249 | D:1      | Reached XP level 2. HP: 16/16 MP: 3/5
   535 | D:1      | Found Yfir Dunn's Assorted Antiques.
   538 | D:1      | Reached skill level 1 in Fighting
   606 | D:1      | Found Dirchaar's Jewellery Emporium.
   989 | D:2      | Reached skill level 4 in Earth Magic
   989 | D:2      | Reached XP level 3. HP: 20/20 MP: 4/6
  1251 | D:2      | Found a faded altar of an unknown god.
  1251 | D:2      | Noticed a golden eye
  1256 | D:2      | Noticed a golden eye
  1261 | D:2      | Noticed a great orb of eyes
  1261 | D:2      | Noticed a golden eye
  1844 | D:3      | Reached XP level 4. HP: 26/26 MP: 4/7
  2211 | D:3      | Identified the +11 flail of Mizxen Hadup {spect, rCorr}
  2427 | D:3      | Noticed a kobold brigand
  2434 | D:3      | Killed a kobold brigand
  2435 | D:3      | Reached skill level 1 in Maces & Flails
  2435 | D:3      | Reached XP level 5. HP: 19/31 MP: 9/9
  3118 | D:4      | Noticed Blork the orc
  3162 | D:4      | Slain by a gnoll

Illustrated notes

Levels and vault maps discovered:
D:1:      dpeg_arrival_arbitrary_c, layout_basic, serial_shops,
          nicolae_shop_tiny_waterfront, shop, shop
D:2:      layout_basic, hellmonk_ecumenical_altar_watching_god,
          corexii_item_surrounded_by_moat, minmay_fractal_squares_gapless_5
D:3:      cheibrodos_thug_alley, layout_loops_ring, serial_co_window_serial,
          co_window_paths_b, co_window_paths_b, co_window_paths_a,
          co_window_corner_a, co_window_paths_a, co_window_corner_a,
          co_window_paths_b, co_window_corner_b, co_window_cross_2,
          co_window_2corner, co_window_corner_b, co_window_sun,
          minmay_fractal_squares_5
D:4:      layout_gridville, led_sif_pool, uniq_blork_the_orc

Skill      XL: |  1  2  3  4 |
---------------+-------------+-----
Fighting       | 1 2 |  2.4
Earth Magic    | 4 |  4.7
Stealth        | 3 |  3.7
Maces & Flails | 1 |  1.2
Spellcasting   | 3 |  3.1
Dodging        | |  1.5
Transmutations | |  0.7

Action                     |  1- 3 |  4- 6 || total
---------------------------+-------+-------++-------
  Melee: Dagger            |    14 |       ||    14
         Punch             |     1 |       ||     1
         Flail             |       |    38 ||    38
   Cast: Sandblast         |    53 |    15 ||    68
    Use: Scroll            |       |     4 ||     4
         Potion            |       |     1 ||     1
   Stab: Sleeping          |       |     1 ||     1
 Armour: Robe              |    15 |    42 ||    57
  Dodge: Dodged            |    23 |    21 ||    44

Table legend: (Time is in decaauts)
 A = Elapsed time spent in this place.
 B = Non-inter-level travel time spent in this place.
 C = Inter-level travel time spent in this place.
 D = Time resting spent in this place.
 E = Time spent auto-exploring this place.
 F = Levels seen in this place.
 G = Mean time per level.
                   A        B        C        D        E       F      G
               +--------+--------+--------+--------+--------+-----+--------+
         Total |   3209 |   3104 |    105 |      0 |   2641 |   4 |  802.2 |
       Dungeon |   3209 |   3104 |    105 |      0 |   2641 |   4 |  802.2 |
               +--------+--------+--------+--------+--------+-----+--------+

Top non-repeatable levels by time:
     D:3: 1281 daAuts
     D:1: 954 daAuts
     D:2: 886 daAuts
     D:4: 87 daAuts
